[Event "NOR-ch Elite 2019"]
[Site "Larvik"]
[Date "2019.07.09"]
[Round "5.13"]
[White "Altarbosh, Ward"]
[Black "Ingebretsen, Jens E"]
[Result "0-1"]
[ECO "C86"]
[WhiteElo "2202"]
[BlackElo "2276"]
[Annotator "NA"]
[PlyCount "98"]
[EventDate "2019.07.05"]
[EventType "swiss"]
[EventCountry "NOR"]
[SourceTitle "playchess.com"]
[Source "ChessBase"]
[SourceQuality "1"]
[TimeControl "40/5400+30:1800+30"]

1. e4 e5 2. Nf3 Nc6 3. Bb5 a6 4. Ba4 Nf6 5. O-O Be7 6. Qe2 b5 7. Bb3 O-O 8. c3 d6 9. Rd1 Bg4 10. h3 Bh5 11. d3 Qd7 12. Nbd2 d5 13. exd5 Nxd5 14. Ne4 Rfe8 15. Ng3 Bg6 16. Nxe5 Nxe5 17. Qxe5 c6 18. Bxd5 cxd5 19. Qd4 Rac8 20. Be3 Rc6 21. a3 Bc5 22. Qh4 Bxe3 23. fxe3 Rxe3 24. d4 Rce6 25. Qf4 h6 26. Rf1 Qe8 27. Rf2 Rf6 28. Qg4 h5 29. Qg5 Re1+ 30. Rxe1 Qxe1+ 31. Rf1 Rxf1+ 32. Nxf1 Bd3 33. Qf4 Qb1 34. b4 Qe1 35. Qf2 Qa1 36. Qf3 Bc4 37. Qf5 g6 38. Qf3 h4 39. Qf2 g5 40. Qf6 Qxf1+ 41. Qxf1 Bxf1 42. Kxf1 f5 43. Kf2 Kf7 44. Kf3 Kf6 45. Ke2 g4 46. Kd2 Kg5 47. Ke2 g3 48. c4 dxc4 49. Kf3 c3 0-1

[Event "NOR-ch Elite 2019"]
[Site "Larvik"]
[Date "2019.07.10"]
[Round "6.2"]
[White "Christiansen, Johan-Sebastian"]
[Black "Lie, Kjetil A."]
[Result "1/2-1/2"]
[ECO "B07"]
[WhiteElo "2548"]
[BlackElo "2538"]
[Annotator "ChessBase"]
[PlyCount "58"]
[EventDate "2019.07.05"]
[EventType "swiss"]
[EventCountry "NOR"]
[SourceTitle "playchess.com"]
[Source "ChessBase"]
[SourceQuality "1"]
[TimeControl "40/5400+30:1800+30"]

1. e4 d6 2. d4 Nf6 3. Nc3 c6 4. Nf3 Bg4 5. Be3 e6 6. h3 Bh5 7. Be2 d5 8. exd5 Bxf3 9. Bxf3 cxd5 10. O-O Nc6 11. Ne2 Bd6 12. c4 dxc4 13. Bxc6+ bxc6 14. Qa4 O-O 15. Qxc4 Qb6 16. b3 Nd5 17. Bd2 a5 18. Rac1 Rfc8 19. Nc3 Nxc3 20. Rxc3 Bb4 21. Rc2 Bxd2 22. Rxd2 a4 23. Rc1 axb3 24. axb3 Ra5 25. d5 Rxd5 26. Rxd5 exd5 27. Qxd5 h6 28. Qd7 Qc7 29. Qxc7 Rxc7 1/2-1/2

[Event "NOR-ch Elite 2019"]
[Site "Larvik"]
[Date "2019.07.10"]
[Round "6.3"]
[White "Notkevich, Benjamin Arvola"]
[Black "Hauge, Lars Oskar"]
[Result "1-0"]
[ECO "A04"]
[WhiteElo "2497"]
[BlackElo "2476"]
[Annotator "ChessBase"]
[PlyCount "185"]
[EventDate "2019.07.05"]
[EventType "swiss"]
[EventCountry "NOR"]
[SourceTitle "playchess.com"]
[Source "ChessBase"]
[SourceQuality "1"]
[TimeControl "40/5400+30:1800+30"]

1. Nf3 f5 2. d3 Nc6 3. d4 d5 4. Bf4 Nf6 5. e3 e6 6. Bb5 Bd6 7. O-O O-O 8. c4 Ne7 9. Bxd6 cxd6 10. cxd5 Nexd5 11. Nc3 Bd7 12. Qb3 Bxb5 13. Qxb5 Nxc3 14. bxc3 Qd7 15. Qb3 b5 16. a4 a6 17. axb5 axb5 18. Ng5 Rae8 19. Ra5 h6 20. Nh3 Ne4 21. Rfa1 Qc8 22. Qxb5 Qxc3 23. g3 Rb8 24. Qd7 Qc8 25. Qxc8 Rfxc8 26. Ra7 e5 27. dxe5 dxe5 28. Re7 Re8 29. Rc7 Ra8 30. Rd1 Red8 31. Rdc1 Ra2 32. Rb7 Rd6 33. Rcc7 Rg6 34. Re7 Ra5 35. Kg2 Kh7 36. Rb2 Rga6 37. Rbb7 Rg6 38. Rbc7 Rb5 39. Ra7 Rc5 40. Rf7 Nd6 41. Rfd7 Ne4 42. Re7 Rb5 43. Ra8 Rgb6 44. Rf8 Rf6 45. Rfe8 Ng5 46. Ng1 f4 47. Rxe5 f3+ 48. Nxf3 Rb2 49. Rxg5 hxg5 50. Nxg5+ Kg6 51. Nh3 Rd6 52. Rf8 Kh6 53. Rh8+ Kg6 54. Nf4+ Kf7 55. h4 Rdd2 56. Nh3 Ke7 57. Ra8 Ra2 58. Rb8 Rab2 59. Rc8 Rdc2 60. Rh8 Kf7 61. Rh5 Rc6 62. Rf5+ Rf6 63. Ra5 Kf8 64. Ra7 Rfb6 65. h5 Rb7 66. Ra8+ Rb8 67. Ra6 R8b6 68. Ra4 R6b4 69. Ra1 Rb1 70. Ra3 R1b3 71. Ra8+ Rb8 72. Ra7 R8b7 73. Ra6 R7b6 74. Ra4 R3b4 75. Ra8+ Rb8 76. Ra7 R8b7 77. Ra6 R7b6 78. Ra5 R6b5 79. Ra8+ Kf7 80. Nf4 Rxf4 81. Ra7+ Kf6 82. Ra6+ Kf7 83. gxf4 Rxh5 84. Kg3 Rb5 85. Kg4 Rb2 86. f3 Rb3 87. Ra7+ Kf8 88. e4 Re3 89. f5 Re1 90. Kf4 Rb1 91. e5 Re1 92. Rb7 Re2 93. Rb6 1-0

[Event "NOR-ch Elite 2019"]
[Site "Larvik"]
[Date "2019.07.10"]
[Round "6.4"]
[White "Stokke, Kjetil"]
[Black "Hammer, Jon Ludvig"]
[Result "0-1"]
[ECO "A37"]
[WhiteElo "2336"]
[BlackElo "2637"]
[Annotator "RC"]
[PlyCount "44"]
[EventDate "2019.07.05"]
[EventType "swiss"]
[EventCountry "NOR"]
[SourceTitle "playchess.com"]
[Source "ChessBase"]
[SourceQuality "1"]
[TimeControl "40/5400+30:1800+30"]

1. Nf3 c5 2. g3 g6 3. Bg2 Bg7 4. c4 Nc6 5. Nc3 d6 6. O-O e6 7. d3 Nge7 8. Bg5 h6 9. Bd2 b6 10. a3 Bb7 11. Rb1 O-O 12. b4 Qd7 13. bxc5 dxc5 14. Nb5 e5 15. a4 a5 16. Qc1 Kh7 17. Bc3 f6 18. Nd2 Nb4 19. Bxb7 Qxb7 20. Ne4 f5 21. Ned6 Qd7 22. f4 Na2 0-1

[Event "NOR-ch Elite 2019"]
[Site "Larvik"]
[Date "2019.07.10"]
[Round "6.5"]
[White "Haug, Johannes"]
[Black "Urkedal, Frode Olav Olsen"]
[Result "0-1"]
[ECO "E15"]
[WhiteElo "2431"]
[BlackElo "2566"]
[Annotator "ChessBase"]
[PlyCount "114"]
[EventDate "2019.07.05"]
[EventType "swiss"]
[EventCountry "NOR"]
[SourceTitle "playchess.com"]
[Source "ChessBase"]
[SourceQuality "1"]
[TimeControl "40/5400+30:1800+30"]

1. d4 Nf6 2. c4 e6 3. Nf3 b6 4. g3 Ba6 5. Qc2 Bb7 6. Bg2 c5 7. d5 exd5 8. cxd5 Nxd5 9. O-O Nc6 10. Rd1 Be7 11. Qa4 Nf6 12. Nh4 O-O 13. Nf5 d5 14. Nc3 Nd4 15. Nxd4 cxd4 16. Rxd4 Bc5 17. Rd1 Qc8 18. Nxd5 Nxd5 19. Bxd5 Bxd5 20. Rxd5 Qe6 21. Qd1 Qf6 22. Bf4 Qxb2 23. Be5 Qb5 24. Qd2 h6 25. Bd6 Rad8 26. Bxc5 Rxd5 27. Qxd5 bxc5 28. Rc1 Rc8 29. Qf5 Qa6 30. Rc2 c4 31. Qe4 Qb5 32. Kg2 a5 33. Qd4 c3 34. Qd3 Rc4 35. f3 Qc5 36. Qd7 g6 37. Qd3 h5 38. h4 a4 39. Qd8+ Kg7 40. Qd3 a3 41. Kf1 Qb4 42. Kg2 Rc6 43. Kf2 Rc4 44. Kg2 Qc5 45. Kf1 Qc7 46. Kg2 f6 47. Qe3 Rc5 48. Qd4 Rc4 49. Qd5 Kh7 50. Qe6 Rc6 51. Qb3 g5 52. Qd5 Rc5 53. Qd3+ Kg7 54. hxg5 Rxg5 55. f4 Qxf4 56. Rxc3 h4 57. Rxa3 h3+ 0-1

[Event "NOR-ch Elite 2019"]
[Site "Larvik"]
[Date "2019.07.10"]
[Round "6.6"]
[White "Haldorsen, Benjamin"]
[Black "Tryggestad, Andreas Garberg"]
[Result "1-0"]
[ECO "B40"]
[WhiteElo "2444"]
[BlackElo "2336"]
[Annotator "NA"]
[PlyCount "57"]
[EventDate "2019.07.05"]
[EventType "swiss"]
[EventCountry "NOR"]
[SourceTitle "playchess.com"]
[Source "ChessBase"]
[SourceQuality "1"]
[TimeControl "40/5400+30:1800+30"]

1. e4 c5 2. Nf3 e6 3. b3 b6 4. Bd3 Bb7 5. O-O Nc6 6. Re1 Be7 7. Bb2 Nf6 8. e5 Nd5 9. c4 Nf4 10. Be4 Qc7 11. d4 cxd4 12. Nxd4 Nxd4 13. Bxd4 O-O 14. Nc3 Bc6 15. Qg4 Ng6 16. Rad1 Rad8 17. Qg3 d6 18. Bxg6 hxg6 19. h4 d5 20. cxd5 Bxd5 21. Qg4 Bb7 22. Re3 Bc5 23. Bxc5 Qxc5 24. h5 gxh5 25. Qxh5 g6 26. Qg5 Rxd1+ 27. Nxd1 Qc1 28. Kh2 Qxd1 29. Rh3 1-0

[Event "NOR-ch Elite 2019"]
[Site "Larvik"]
[Date "2019.07.10"]
[Round "6.7"]
[White "Ranaldi, Lucas"]
[Black "Elsness, Frode"]
[Result "1/2-1/2"]
[ECO "D34"]
[WhiteElo "2262"]
[BlackElo "2436"]
[Annotator "NA"]
[PlyCount "58"]
[EventDate "2019.07.05"]
[EventType "swiss"]
[EventCountry "NOR"]
[SourceTitle "playchess.com"]
[Source "ChessBase"]
[SourceQuality "1"]
[TimeControl "40/5400+30:1800+30"]

1. Nf3 d5 2. d4 c5 3. c4 e6 4. cxd5 exd5 5. Nc3 Nc6 6. g3 Nf6 7. Bg2 Be7 8. O-O O-O 9. dxc5 Bxc5 10. Na4 Be7 11. Be3 Re8 12. Rc1 Bg4 13. Nc5 Bxc5 14. Bxc5 Qd7 15. Re1 Rad8 16. Nd4 h5 17. Nxc6 bxc6 18. Bd4 Re6 19. Bxf6 Rxf6 20. Qd4 Re8 21. e4 dxe4 22. Qxd7 Bxd7 23. Rxe4 Rxe4 24. Bxe4 Rd6 25. h4 g6 26. Rc5 Rd2 27. Ra5 Rxb2 28. Rxa7 Be6 29. Bxc6 Rxa2 1/2-1/2

[Event "NOR-ch Elite 2019"]
[Site "Larvik"]
[Date "2019.07.10"]
[Round "6.9"]
[White "Getz, Nicolai"]
[Black "Moen, Andreas G.R."]
[Result "1-0"]
[ECO "A11"]
[WhiteElo "2377"]
[BlackElo "2322"]
[Annotator "NA"]
[PlyCount "85"]
[EventDate "2019.07.05"]
[EventType "swiss"]
[EventCountry "NOR"]
[SourceTitle "playchess.com"]
[Source "ChessBase"]
[SourceQuality "1"]
[TimeControl "40/5400+30:1800+30"]

1. Nf3 d5 2. c4 c6 3. g3 Nf6 4. Bg2 Bf5 5. Qb3 Nbd7 6. d3 e5 7. O-O Be7 8. cxd5 cxd5 9. Qxb7 O-O 10. Qb3 Rb8 11. Qd1 Qc7 12. b3 a5 13. Bd2 Rfc8 14. Nc3 Ba3 15. Na4 h6 16. Bc1 Bb4 17. Bb2 d4 18. Nd2 Nc5 19. Nxc5 Bxc5 20. Rc1 Qe7 21. Nc4 a4 22. bxa4 Be6 23. Ba1 Bxc4 24. Rxc4 Nd7 25. a5 Ba7 26. Qc2 Rxc4 27. Qxc4 Qc5 28. Bd5 Qxc4 29. Bxc4 Rb4 30. f4 Kf8 31. Kg2 Ke7 32. fxe5 Nxe5 33. Bb3 g5 34. Rc1 Kd8 35. Rf1 Rb5 36. a6 Ke7 37. e3 dxe3 38. d4 Nc6 39. Rxf7+ Ke8 40. Rxa7 Nxa7 41. Ba4 g4 42. Kf1 Kd7 43. Bxb5+ 1-0

[Event "NOR-ch Elite 2019"]
[Site "Larvik"]
[Date "2019.07.10"]
[Round "6.10"]
[White "Vestby-Ellingsen, Mads"]
[Black "Skrondal, Inge Sandstad"]
[Result "1/2-1/2"]
[ECO "D35"]
[WhiteElo "2335"]
[BlackElo "2312"]
[Annotator "NA"]
[PlyCount "45"]
[EventDate "2019.07.05"]
[EventType "swiss"]
[EventCountry "NOR"]
[SourceTitle "playchess.com"]
[Source "ChessBase"]
[SourceQuality "1"]
[TimeControl "40/5400+30:1800+30"]

1. d4 d5 2. c4 e6 3. Nc3 Nf6 4. cxd5 exd5 5. Bg5 c6 6. e3 Bf5 7. Qf3 Bg6 8. Bxf6 Qxf6 9. Qxf6 gxf6 10. Nf3 Nd7 11. h4 Nb6 12. h5 Bf5 13. Nh4 Be6 14. Bd3 Bb4 15. a3 Bxc3+ 16. bxc3 Nc8 17. Nf5 Bxf5 18. Bxf5 Nd6 19. Bd3 f5 20. f3 Ke7 21. Kf2 h6 22. Rh4 Rhg8 23. Rb1 1/2-1/2

[Event "NOR-ch Elite 2019"]
[Site "Larvik"]
[Date "2019.07.10"]
[Round "6.11"]
[White "Ingebretsen, Jens E"]
[Black "Andersen, Alf Roger"]
[Result "1-0"]
[ECO "A21"]
[WhiteElo "2276"]
[BlackElo "2149"]
[Annotator "NA"]
[PlyCount "73"]
[EventDate "2019.07.05"]
[EventType "swiss"]
[EventCountry "NOR"]
[SourceTitle "playchess.com"]
[Source "ChessBase"]
[SourceQuality "1"]
[TimeControl "40/5400+30:1800+30"]

1. c4 e5 2. Nc3 Bb4 3. g3 Bxc3 4. bxc3 d6 5. Bg2 Ne7 6. d3 Nbc6 7. Rb1 O-O 8. e4 Rb8 9. Ne2 Be6 10. O-O Qd7 11. f4 f5 12. fxe5 dxe5 13. Ba3 b6 14. Qc2 Rf6 15. Rbd1 fxe4 16. Rxf6 gxf6 17. Bxe4 Rd8 18. Qd2 Bxc4 19. Qh6 f5 20. Qg5+ Kh8 21. Qf6+ Kg8 22. Bf3 Qe6 23. Qg5+ Kh8 24. Re1 Rg8 25. Qe3 Nd5 26. Bxd5 Bxd5 27. c4 Bxc4 28. dxc4 Qxc4 29. Rc1 Qd5 30. Rxc6 Qxc6 31. Qxe5+ Rg7 32. Bb2 Qd7 33. Nf4 Kg8 34. Nd5 Rg6 35. Qh8+ Kf7 36. Qxh7+ Ke6 37. Nf4+ 1-0

[Event "NOR-ch Elite 2019"]
[Site "Larvik"]
[Date "2019.07.10"]
[Round "6.12"]
[White "Risting, Eivind Olav"]
[Black "Vitenberg, Noam Aviv"]
[Result "0-1"]
[ECO "E49"]
[WhiteElo "2314"]
[BlackElo "2300"]
[Annotator "NA"]
[PlyCount "72"]
[EventDate "2019.07.05"]
[EventType "swiss"]
[EventCountry "NOR"]
[SourceTitle "playchess.com"]
[Source "ChessBase"]
[SourceQuality "1"]
[TimeControl "40/5400+30:1800+30"]

1. d4 d5 2. c4 e6 3. Nc3 Bb4 4. e3 c5 5. a3 Bxc3+ 6. bxc3 Nf6 7. cxd5 exd5 8. Bd3 O-O 9. Ne2 Nc6 10. O-O Re8 11. f3 Bd7 12. Qe1 Na5 13. Rb1 Ba4 14. dxc5 Nd7 15. Bb5 Bxb5 16. Rxb5 a6 17. Rb4 Nxc5 18. Nf4 Nc4 19. Qd1 Nb6 20. e4 Rc8 21. Qd4 Re7 22. exd5 Rd7 23. c4 a5 24. Rb5 Nca4 25. c5 Rdc7 26. Nh5 f6 27. cxb6 Rxc1 28. Ng3 Rxf1+ 29. Nxf1 Nc3 30. Rb2 Qe8 31. Qd2 Nb5 32. Qxa5 Nd4 33. Qd2 Qe5 34. Rb4 Rc2 35. Qxd4 Qe2 36. Qg4 Qf2+ 0-1

[Event "NOR-ch Elite 2019"]
[Site "Larvik"]
[Date "2019.07.10"]
[Round "6.13"]
[White "Kaasen, Tor Fredrik"]
[Black "Altarbosh, Ward"]
[Result "1-0"]
[ECO "C11"]
[WhiteElo "2376"]
[BlackElo "2202"]
[Annotator "NA"]
[PlyCount "29"]
[EventDate "2019.07.05"]
[EventType "swiss"]
[EventCountry "NOR"]
[SourceTitle "playchess.com"]
[Source "ChessBase"]
[SourceQuality "1"]
[TimeControl "40/5400+30:1800+30"]

1. e4 e6 2. d4 d5 3. Nc3 Nf6 4. e5 Nfd7 5. f4 c5 6. Nf3 Nc6 7. Be3 a6 8. Qd2 b5 9. dxc5 Bxc5 10. Bd3 Qb6 11. Bf2 Bb7 12. O-O Bxf2+ 13. Qxf2 Qxf2+ 14. Rxf2 h6 15. Re1 1-0

[Event "NOR-ch Elite 2019"]
[Site "Larvik"]
[Date "2019.07.11"]
[Round "7.1"]
[White "Notkevich, Benjamin Arvola"]
[Black "Tari, Aryan"]
[Result "1/2-1/2"]
[ECO "D87"]
[WhiteElo "2497"]
[BlackElo "2620"]
[Annotator "ChessBase"]
[PlyCount "89"]
[EventDate "2019.07.05"]
[EventType "swiss"]
[EventCountry "NOR"]
[SourceTitle "playchess.com"]
[Source "ChessBase"]
[SourceQuality "1"]
[TimeControl "40/5400+30:1800+30"]

1. d4 Nf6 2. c4 g6 3. Nc3 d5 4. cxd5 Nxd5 5. e4 Nxc3 6. bxc3 Bg7 7. Bc4 c5 8. Ne2 O-O 9. O-O Nc6 10. Be3 b6 11. dxc5 Qc7 12. Nd4 Ne5 13. Nb5 Qb8 14. Be2 bxc5 15. Rb1 a6 16. Na3 Qc7 17. f4 Rd8 18. Qc2 Ng4 19. Bxg4 Bxg4 20. f5 gxf5 21. Nc4 e6 22. h3 Bh5 23. exf5 exf5 24. Bg5 Rf8 25. Bf4 Qc6 26. Rbe1 Rfe8 27. Be5 Bg6 28. Qf2 f6 29. Bg3 Bf8 30. Ne3 c4 31. Nxf5 Rxe1 32. Rxe1 Re8 33. Rxe8 Qxe8 34. Nd4 Kf7 35. Qf4 Bc5 36. Kh2 Qe5 37. Qg4 Qd5 38. Qf4 Bxd4 39. cxd4 Be4 40. Bh4 Qxd4 41. Qc7+ Kg6 42. Qg3+ Kf7 43. Qc7+ Kg6 44. Qg3+ Kf7 45. Qc7+ 1/2-1/2

[Event "NOR-ch Elite 2019"]
[Site "Larvik"]
[Date "2019.07.11"]
[Round "7.2"]
[White "Hammer, Jon Ludvig"]
[Black "Christiansen, Johan-Sebastian"]
[Result "1/2-1/2"]
[ECO "A37"]
[WhiteElo "2637"]
[BlackElo "2548"]
[Annotator "ChessBase"]
[PlyCount "113"]
[EventDate "2019.07.05"]
[EventType "swiss"]
[EventCountry "NOR"]
[SourceTitle "playchess.com"]
[Source "ChessBase"]
[SourceQuality "1"]
[TimeControl "40/5400+30:1800+30"]

1. c4 c5 2. g3 Nc6 3. Bg2 g6 4. Nc3 Bg7 5. Nf3 e6 6. d4 Nxd4 7. Nxd4 cxd4 8. Ne4 d5 9. Qa4+ Kf8 10. Qa3+ Qe7 11. Nd6 Be5 12. Nxc8 Qxa3 13. bxa3 Rxc8 14. cxd5 b6 15. Bb2 Rc2 16. Rb1 d3 17. Bxe5 Rxe2+ 18. Kd1 Rxe5 19. Re1 Rxe1+ 20. Kxe1 exd5 21. Rd1 Nf6 22. Rxd3 Ke7 23. Bxd5 Nxd5 24. Rxd5 Rc8 25. Kd2 Rc4 26. Rd3 Ra4 27. Kc2 h5 28. Re3+ Kf6 29. Rf3+ Ke6 30. Re3+ Kf5 31. Rf3+ Ke6 32. Re3+ Kf6 33. Rf3+ Kg7 34. h3 Ra5 35. Kd2 g5 36. Rd3 Kg6 37. Ke3 Rc5 38. g4 f6 39. a4 Rc1 40. Kf3 Rc4 41. a5 bxa5 42. Rd7 Ra4 43. Rxa7 Rxa2 44. Kg2 a4 45. Kf3 Ra3+ 46. Kg2 h4 47. Kh2 Rf3 48. Kg2 Rf4 49. Kg1 Rc4 50. Kg2 Rb4 51. Kh2 Rb2 52. Kg2 Ra2 53. Kf3 Ra1 54. Kg2 a3 55. Kh2 a2 56. Kg2 Kh6 57. Kh2 1/2-1/2

[Event "NOR-ch Elite 2019"]
[Site "Larvik"]
[Date "2019.07.11"]
[Round "7.3"]
[White "Urkedal, Frode Olav Olsen"]
[Black "Lie, Kjetil A."]
[Result "1-0"]
[ECO "D24"]
[WhiteElo "2566"]
[BlackElo "2538"]
[Annotator "ChessBase"]
[PlyCount "85"]
[EventDate "2019.07.05"]
[EventType "swiss"]
[EventCountry "NOR"]
[SourceTitle "playchess.com"]
[Source "ChessBase"]
[SourceQuality "1"]
[TimeControl "40/5400+30:1800+30"]

1. d4 Nf6 2. c4 e6 3. Nf3 d5 4. Nc3 dxc4 5. e4 b5 6. e5 Nd5 7. Nxb5 Nb6 8. Be2 Nc6 9. O-O Be7 10. Nc3 O-O 11. Qd2 Bb7 12. Rd1 Nb4 13. Qf4 f5 14. Qg3 Kh8 15. Ng5 Bxg5 16. Bxg5 Qd7 17. Qh4 f4 18. Be7 Nc2 19. Rac1 Nxd4 20. Bf1 Rfc8 21. Bc5 Nf5 22. Qxf4 Qc6 23. Ba3 Rd8 24. Rd2 Rxd2 25. Qxd2 h6 26. Rd1 Qe8 27. f3 Qh5 28. Qf2 Qg5 29. Bc5 Nh4 30. f4 Qh5 31. h3 g5 32. fxg5 Qxg5 33. Be3 Qe7 34. Bc5 Qg5 35. Qf6+ Qxf6 36. exf6 Kg8 37. Bxb6 axb6 38. Rd7 Rf8 39. Rxc7 Bd5 40. Bxc4 Rxf6 41. Nxd5 exd5 42. Bxd5+ Kf8 43. Rc6 1-0

[Event "NOR-ch Elite 2019"]
[Site "Larvik"]
[Date "2019.07.11"]
[Round "7.4"]
[White "Holm, Kristian Stuvik"]
[Black "Haldorsen, Benjamin"]
[Result "1-0"]
[ECO "A31"]
[WhiteElo "2469"]
[BlackElo "2444"]
[Annotator "ChessBase"]
[PlyCount "61"]
[EventDate "2019.07.05"]
[EventType "swiss"]
[EventCountry "NOR"]
[SourceTitle "playchess.com"]
[Source "ChessBase"]
[SourceQuality "1"]
[TimeControl "40/5400+30:1800+30"]

1. d4 Nf6 2. c4 c5 3. Nf3 cxd4 4. Nxd4 e5 5. Nb5 d5 6. cxd5 a6 7. N5c3 Bc5 8. g3 Qe7 9. Bg2 O-O 10. O-O Bg4 11. Bg5 Nbd7 12. h3 Bh5 13. g4 Bg6 14. Nd2 h6 15. Bh4 Rac8 16. Nde4 Bd4 17. e3 Bxe4 18. Nxe4 Bxb2 19. Rb1 Qa3 20. Bxf6 Nxf6 21. Nxf6+ gxf6 22. Qe2 Bc3 23. Rxb7 Rb8 24. Ra7 Ra8 25. Rxa8 Rxa8 26. Rb1 Qd6 27. Be4 f5 28. gxf5 Kh8 29. Rc1 Rg8+ 30. Kh2 Qb4 31. Qh5 1-0

[Event "NOR-ch Elite 2019"]
[Site "Larvik"]
[Date "2019.07.11"]
[Round "7.5"]
[White "Hauge, Lars Oskar"]
[Black "Getz, Nicolai"]
[Result "1-0"]
[ECO "B09"]
[WhiteElo "2476"]
[BlackElo "2377"]
[Annotator "ChessBase"]
[PlyCount "39"]
[EventDate "2019.07.05"]
[EventType "swiss"]
[EventCountry "NOR"]
[SourceTitle "playchess.com"]
[Source "ChessBase"]
[SourceQuality "1"]
[TimeControl "40/5400+30:1800+30"]

1. e4 d6 2. Nc3 g6 3. f4 Bg7 4. d4 Nf6 5. Bd3 Nc6 6. e5 dxe5 7. fxe5 Nd5 8. Nf3 Nxc3 9. bxc3 Na5 10. O-O c5 11. Ng5 O-O 12. Nxh7 Kxh7 13. Rxf7 Rxf7 14. Qh5+ Kg8 15. Bxg6 Kf8 16. Bxf7 Bg4 17. Qxg4 Kxf7 18. Bh6 Qh8 19. Rf1+ Bf6 20. Qh5+ 1-0

[Event "NOR-ch Elite 2019"]
[Site "Larvik"]
[Date "2019.07.11"]
[Round "7.6"]
[White "Elsness, Frode"]
[Black "Stokke, Kjetil"]
[Result "1-0"]
[ECO "D27"]
[WhiteElo "2436"]
[BlackElo "2336"]
[Annotator "ChessBase"]
[PlyCount "57"]
[EventDate "2019.07.05"]
[EventType "swiss"]
[EventCountry "NOR"]
[SourceTitle "playchess.com"]
[Source "ChessBase"]
[SourceQuality "1"]
[TimeControl "40/5400+30:1800+30"]

1. d4 d5 2. c4 dxc4 3. Nf3 Nf6 4. e3 e6 5. Bxc4 c5 6. O-O a6 7. dxc5 Bxc5 8. Qxd8+ Kxd8 9. Be2 Ke7 10. Nbd2 Rd8 11. Nb3 Bd6 12. Nfd2 Nc6 13. Nc4 Bc7 14. Bd2 Ne4 15. Be1 a5 16. a4 e5 17. Rc1 Nd6 18. Nxe5 Nxe5 19. Rxc7+ Rd7 20. Rc5 f6 21. Rxa5 Rb8 22. Rd5 Ke6 23. Rd1 Rc7 24. Bb4 Nef7 25. Nd4+ Ke5 26. f4+ Ke4 27. Bf3+ Kxe3 28. Rfe1+ Kxf4 29. Bd2# 1-0

[Event "NOR-ch Elite 2019"]
[Site "Larvik"]
[Date "2019.07.11"]
[Round "7.7"]
[White "Mihajlov, Sebastian"]
[Black "Haug, Johannes"]
[Result "1-0"]
[ECO "B13"]
[WhiteElo "2375"]
[BlackElo "2431"]
[Annotator "ChessBase"]
[PlyCount "47"]
[EventDate "2019.07.05"]
[EventType "swiss"]
[EventCountry "NOR"]
[SourceTitle "playchess.com"]
[Source "ChessBase"]
[SourceQuality "1"]
[TimeControl "40/5400+30:1800+30"]

1. e4 c6 2. d4 d5 3. exd5 cxd5 4. Nf3 Nc6 5. Bb5 e6 6. O-O Bd6 7. c3 Nge7 8. Bd3 f6 9. c4 dxc4 10. Bxc4 Na5 11. Bd3 b6 12. Qe2 Nac6 13. Nc3 Kf7 14. Re1 Qd7 15. Bc4 Nd8 16. Ng5+ Kf8 17. Qh5 fxg5 18. Qf3+ Nf5 19. Qxa8 Bb7 20. Qxa7 Qc6 21. Bf1 Nxd4 22. Re4 e5 23. Ba6 Kf7 24. Bxg5 1-0

[Event "NOR-ch Elite 2019"]
[Site "Larvik"]
[Date "2019.07.11"]
[Round "7.8"]
[White "Tryggestad, Andreas Garberg"]
[Black "Ranaldi, Lucas"]
[Result "0-1"]
[ECO "B11"]
[WhiteElo "2336"]
[BlackElo "2262"]
[Annotator "NA"]
[PlyCount "106"]
[EventDate "2019.07.05"]
[EventType "swiss"]
[EventCountry "NOR"]
[SourceTitle "playchess.com"]
[Source "ChessBase"]
[SourceQuality "1"]
[TimeControl "40/5400+30:1800+30"]

1. e4 c6 2. Nc3 d5 3. Nf3 Bg4 4. h3 Bxf3 5. Qxf3 Nf6 6. d4 dxe4 7. Qe3 Nbd7 8. Nxe4 Nxe4 9. Qxe4 Nf6 10. Qh4 e6 11. Bd3 Nd5 12. Bg5 Be7 13. Bxe7 Qxe7 14. Qxe7+ Kxe7 15. O-O-O Rhd8 16. Rhe1 g6 17. c3 Rac8 18. Kc2 c5 19. dxc5 Rxc5 20. Be4 b6 21. a3 Nf6 22. Rxd8 Kxd8 23. Bf3 Rf5 24. Re2 h5 25. c4 Kc7 26. b4 g5 27. Kd3 Rf4 28. Ba8 h4 29. Bf3 Kd6 30. Rc2 Nd7 31. Ke3 Ne5 32. c5+ bxc5 33. Rxc5 Rc4 34. Ra5 Rc3+ 35. Kd2 Rxa3 36. Rxa3 Nc4+ 37. Kc3 Nxa3 38. Be2 Kc6 39. Kd4 f6 40. f4 Nb5+ 41. Ke3 Nc3 42. fxg5 fxg5 43. Bf3+ Kb5 44. Kd4 Kxb4 45. Bg4 a5 46. Bxe6 a4 47. Ke5 Ne2 48. Kf6 a3 49. Kxg5 Nc1 50. Kxh4 Nb3 51. Bxb3 Kxb3 52. g4 a2 53. g5 a1=Q 0-1

[Event "NOR-ch Elite 2019"]
[Site "Larvik"]
[Date "2019.07.11"]
[Round "7.9"]
[White "Skrondal, Inge Sandstad"]
[Black "Mikalsen, Erlend"]
[Result "1/2-1/2"]
[ECO "D37"]
[WhiteElo "2312"]
[BlackElo "2404"]
[Annotator "NA"]
[PlyCount "23"]
[EventDate "2019.07.05"]
[EventType "swiss"]
[EventCountry "NOR"]
[SourceTitle "playchess.com"]
[Source "ChessBase"]
[SourceQuality "1"]
[TimeControl "40/5400+30:1800+30"]

1. Nf3 d5 2. d4 Nf6 3. c4 e6 4. Nc3 Be7 5. Bf4 O-O 6. e3 Nbd7 7. a3 dxc4 8. Bxc4 a6 9. Ba2 b5 10. d5 exd5 11. Nxd5 Nxd5 12. Qxd5 1/2-1/2

[Event "NOR-ch Elite 2019"]
[Site "Larvik"]
[Date "2019.07.11"]
[Round "7.10"]
[White "Vitenberg, Noam Aviv"]
[Black "Kaasen, Tor Fredrik"]
[Result "0-1"]
[ECO "D38"]
[WhiteElo "2300"]
[BlackElo "2376"]
[Annotator "ChessBase"]
[PlyCount "98"]
[EventDate "2019.07.05"]
[EventType "swiss"]
[EventCountry "NOR"]
[SourceTitle "playchess.com"]
[Source "ChessBase"]
[SourceQuality "1"]
[TimeControl "40/5400+30:1800+30"]

1. Nf3 d5 2. d4 Nf6 3. c4 e6 4. Nc3 Bb4 5. cxd5 exd5 6. Bg5 h6 7. Bh4 Nbd7 8. Qb3 Be7 9. e3 O-O 10. Be2 c6 11. O-O Re8 12. Qc2 b6 13. Rac1 Bb7 14. Rfd1 Rc8 15. Qb1 Bd6 16. b4 Qe7 17. a3 g5 18. Bg3 Bxg3 19. hxg3 Qd6 20. a4 Re7 21. a5 Rce8 22. Qb3 Ng4 23. a6 Ba8 24. b5 c5 25. Qc2 Ndf6 26. Qf5 Nxf2 27. Kxf2 Rxe3 28. g4 Rxc3 29. Bd3 cxd4 30. Nxd4 Rxc1 31. Rxc1 Qe7 32. Qf3 Nxg4+ 33. Kg1 Qe5 34. Qxg4 Qe3+ 35. Kh2 Qxc1 36. Qd7 Qc8 37. Bh7+ Kg7 38. Qxa7 Qb8+ 39. Qxb8 Rxb8 40. Bf5 Kf6 41. Bd7 Rd8 42. Bg4 Ke5 43. Nf3+ Kd6 44. Bf5 Kc5 45. Bd3 d4 46. Ne5 Bd5 47. Kg3 f6 48. Ng4 Bc4 49. Be4 Bxb5 0-1

[Event "NOR-ch Elite 2019"]
[Site "Larvik"]
[Date "2019.07.11"]
[Round "7.11"]
[White "Ingebretsen, Jens E"]
[Black "Vestby-Ellingsen, Mads"]
[Result "0-1"]
[ECO "A20"]
[WhiteElo "2276"]
[BlackElo "2335"]
[Annotator "NA"]
[PlyCount "82"]
[EventDate "2019.07.05"]
[EventType "swiss"]
[EventCountry "NOR"]
[SourceTitle "playchess.com"]
[Source "ChessBase"]
[SourceQuality "1"]
[TimeControl "40/5400+30:1800+30"]

1. c4 e5 2. g3 c6 3. d4 e4 4. Nc3 d5 5. Bg2 Nf6 6. f3 Bb4 7. Bg5 O-O 8. a3 Bxc3+ 9. bxc3 Re8 10. Qd2 Nbd7 11. cxd5 cxd5 12. Nh3 h6 13. Bxf6 Nxf6 14. O-O e3 15. Qc2 Qc7 16. Nf4 b6 17. Rac1 Qd6 18. a4 Ba6 19. Nd3 Bxd3 20. Qxd3 Rac8 21. c4 Qb4 22. cxd5 Rxc1 23. Rxc1 Qxa4 24. f4 Qd7 25. Qc4 Rd8 26. Ra1 a5 27. Rb1 Rc8 28. Qb3 b5 29. Qxe3 b4 30. Rc1 Rxc1+ 31. Qxc1 b3 32. e4 Qa7 33. Qc3 Qb6 34. Qb2 a4 35. e5 a3 36. Qc3 b2 37. Qc8+ Kh7 38. h4 b1=Q+ 39. Kh2 Qxd4 40. exf6 Qxf6 41. Qe8 Qfg6 0-1